 Dungeon Crawl Stone Soup version 0.28-a0-723-g095bd1b44f (webtiles) character file.

Game seed: 2380946171238365802

379 rogsnak the Gusty (level 6, -5/34 HPs)
             Began as a Tengu Air Elementalist on Oct 26, 2021.
             Killed by divine providence
             ... invoked by an orc priest
              (9 damage)
             ... on level 5 of the Dungeon.
             The game lasted 00:09:35 (4410 turns).

rogsnak the Gusty (Tengu Air Elementalist)          Turns: 4410, Time: 00:09:35

Health: -5/34      AC:  2    Str:  8    XL:     6   Next: 74%
Magic:  3/13       EV: 15    Int: 17    God:
Gold:   211        SH:  0    Dex: 15    Spells: 8/13 levels left

rFire   . . .      SeeInvis .   m - +2 short sword (venom)
rCold   . . .      Faith    .   (no shield)
rNeg    . . .      Spirit   .   a - +0 robe
rPois   .          Reflect  .   (helmet restricted)
rElec   .          Harm     .   (no cloak)
rCorr   .          Rampage  .   (no gloves)
Will    .....                   (boots unavailable)
Stlth   ++........              (no amulet)
HPRegen 0.11/turn               (no ring)
MPRegen 0.13/turn               (no ring)

@: flying quickly and evasively, quick
A: beak, talons 3, nimble flight
a: no special abilities


You were on level 5 of the Dungeon.
You visited 2 branches of the dungeon, and saw 6 of its levels.

You collected 211 gold pieces.

Inventory:

Hand Weapons
 c - a +0 dagger
 e - a +0 spear
 f - a +0 quarterstaff
 h - a +1 whip of draining
 m - a +2 short sword of venom (weapon)
 o - a +2 short sword of speed
 p - a +2 whip of electrocution
Missiles
 b - 234 stones
 l - 43 poisoned darts
 t - 5 curare-tipped darts
Armour
 a - a +0 robe (worn)
Wands
 s - a wand of charming (7)
 w - a wand of iceblast (5)
Scrolls
 d - 2 scrolls of fog {unknown}
 g - 7 scrolls of identify {unknown}
 i - 3 scrolls of noise {unknown}
 j - a scroll of amnesia {unknown}
 n - a scroll of fear {unknown}
 u - a scroll of immolation {unknown}
 v - a scroll of vulnerability {unknown}
Potions
 k - 2 potions of lignification {unknown}
 q - 2 potions of resistance {unknown}
 r - a potion of degeneration {unknown}


   Skills:
 + Level 1.0 Fighting
 - Level 0.3 Staves
 + Level 2.9 Dodging
 - Level 2.0 Stealth
 + Level 4.2 Spellcasting
 + Level 4.0 Conjurations
 + Level 6.1 Air Magic


You had 8 spell levels left.
You knew the following spells:

 Your Spells              Type           Power      Damage    Failure   Level
a - Shock                 Conj/Air       80%        1d8       1%          1
b - Airstrike             Air            12%        N/A       12%         4

Your spell library contained the following spells:

 Spells                   Type           Power      Damage    Failure   Level
 Static Discharge         Conj/Air       20%        N/A       3%          2
 Swiftness                Air            24%        N/A       3%          3
 Passwall                 Tmut/Erth      2%         N/A       24%         2
 Invisibility             Hex            1%         N/A       100%        6


Dungeon Overview and Level Annotations

Branches:
Dungeon (4/15)             Temple (1/1) D:4

Altars:
Fedhas
Gozag
Hepliaklqana
Kikubaaqudgha
Makhleb
Nemelex Xobeh
Okawaru
Qazlal
Trog
Uskayaw
Vehumet
Wu Jian
Xom
Yredelemnul
The Shining One

Shops:
D:2 (


Innate Abilities, Weirdness & Mutations

You have a beak for a mouth.
You have claws for feet.
Your magical nature lets you fly swiftly and evasively.


Message History

The orc priest calls down the wrath of Beogh upon you.
Beogh smites you!
* * * LOW HITPOINT WARNING * * *
Casting: Shock (safe; 1% risk of failure)
Confirm with . or Enter, or press ? or * to list all spells.
Aiming: Shock (safe; 1% risk of failure)
Press: ? - help, Shift-Dir - straight line, f/p - orc priest
Aim: an orc priest, wielding a +0 club and wearing a +0 chain mail (moderately wounded, 79% to hit)
The zap hits the orc priest.
The orc priest is severely wounded.
Unknown command.
Unknown command.
You start resting.
An orc priest is nearby!
Casting: Shock (safe; 1% risk of failure)
Confirm with . or Enter, or press ? or * to list all spells.
The spell is quite dangerous to cast (13% risk of failure)!
Continue anyway?
Okay, then.
Casting: Airstrike (quite dangerous; 13% risk of failure)
Confirm with . or Enter, or press ? or * to list all spells.
The spell is quite dangerous to cast (13% risk of failure)!
Continue anyway?
Aiming: Airstrike (quite dangerous; 13% risk of failure)
Press: ? - help, Dir - move target, f/p - orc priest
Aim: an orc priest, wielding a +0 club and wearing a +0 chain mail (severely wounded, empty space bonus: 7/8)
The air twists around and strikes the orc priest!
You kill the orc priest!
Your Conjurations skill increases to level 4!
k - 2 green potions (gained 1)
Things that are here:
a +0 dagger; a +0 chain mail; an orc corpse
Things that are here:
a +0 club; a +0 chain mail An ogre comes into view.
It is wielding a +0 giant club.
The orc priest shouts!
The orc priest mumbles some strange prayers to Beogh against you.
Pain shoots through your body!
* * * LOW HITPOINT WARNING * * *
The orc priest calls down the wrath of Beogh upon you.
Beogh smites you!
You die...

### # ##.## #.# # #...#
..##. # #...#####......
## #...#..@)...# .#
##.......#...... .#####
##........##..###
.....###.........8# .#
####.........o..)......
.# #.................
.. .#
##................. .
.## #.................
..# #........(.......


You could see an orc priest.

Vanquished Creatures
  An ogre (D:4)
  3 orc priests
  Terence (D:2)
  A hound skeleton (D:4)
  A howler monkey skeleton (D:5)
  6 adders
  2 worms
  3 dart slugs
  12 orcs
  5 bats
  3 endoplasms
  5 giant cockroaches
  8 goblins
  6 hobgoblins (D:1)
  7 jackals
  6 kobolds
  2 quokkas
  3 ball pythons
  3 frilled lizards
  7 rats
85 creatures vanquished.

Notes
Turn   | Place    | Note
-------+----------+-------------------------------------------
     0 | D:1      | rogsnak the Tengu Air Elementalist began the quest for the
                  | Orb.
     0 | D:1      | Reached XP level 1. HP: 10/10 MP: 4/4
   213 | D:1      | Reached XP level 2. HP: 11/15 MP: 0/6
   774 | D:1      | Reached XP level 3. HP: 16/19 MP: 7/7
  1233 | D:2      | Reached skill level 5 in Air Magic
  1569 | D:2      | Found Zoblaol's Antique Weapon Boutique.
  1777 | D:2      | Noticed Terence
  1784 | D:2      | Killed Terence
  1785 | D:2      | Reached XP level 4. HP: 18/24 MP: 8/8
  2108 | D:3      | Gained mutation: Your magical nature lets you fly swiftly
                  | and evasively. [Tengu growth]
  2108 | D:3      | Reached XP level 5. HP: 15/28 MP: 8/10
  2415 | D:3      | Found an opulent altar of Gozag.
  2724 | D:3      | Found a faded altar of an unknown god.
  3300 | D:4      | Found a staircase to the Ecumenical Temple.
  3300 | D:4      | Noticed an ogre
  3317 | D:4      | Learned a level 4 spell: Airstrike
  3331 | D:4      | Killed an ogre
  3332 | D:4      | Reached skill level 1 in Fighting
  3332 | D:4      | Reached XP level 6. HP: 12/34 MP: 3/12
  3546 | Temple   | Entered the Ecumenical Temple
  3778 | D:4      | Found a glowing golden altar of the Shining One.
  3778 | D:4      | Found a stormy altar of Qazlal.
  4017 | D:4      | Found an ancient bone altar of Kikubaaqudgha.
  4055 | D:4      | Reached skill level 6 in Air Magic
  4276 | D:4      | You are sucked into a shaft and drop 1 floor!
  4276 | D:5      | Entered Level 5 of the Dungeon
  4410 | D:5      | Killed from afar by an orc priest

Illustrated notes

Levels and vault maps discovered:
D:1:      grunt_arrival_lava_bath, layout_rooms
D:2:      layout_loops_ring, serial_shops, shop, st_stairs_7,
          minmay_misc_feat_five, uniq_terence
D:3:      layout_rooms, lemuel_crystal_altar,
          chequers_ecumenical_altar_simple_redux
D:4:      layout_loops_corners, gammafunk_temple_overflow_elements,
          minmay_temple_entry_trees, minmay_ruined_shrine
D:5:      layout_cave_pods, led_sif_book, gammafunk_ghost_necromancy,
          serial_park, serial_park_square3 [serial_park_minivault_5x5_2],
          serial_park_paths [serial_park_minivault_5x5_2], serial_park_tiny_1,
          lightli_ossuary_entry_decrepit_ruins, chequers_decorated_corner,
          uniq_menkaure
Temple:   grunt_temple_mini_profane

Skill      XL: |  1  2  3  4  5  6 |
---------------+-------------------+-----
Conjurations   | 2 3 4 |  4.0
Air Magic      | 5 6 |  6.1
Spellcasting   | 3 4 |  4.2
Fighting       | 1 |  1.0
Staves         | |  0.3
Dodging        | |  2.9
Stealth        | |  2.0

Action                   |  1- 3 |  4- 6 || total
-------------------------+-------+-------++-------
Melee: Unarmed           |     5 |       ||     5
       Quarterstaff      |    21 |       ||    21
       Peck              |     5 |     2 ||     7
       Spear             |     3 |       ||     3
       Dagger            |     2 |       ||     2
       Short sword       |     6 |    31 ||    37
       Whip              |     4 |       ||     4
       Kick              |     1 |    10 ||    11
 Cast: Shock             |    57 |    97 ||   154
       Airstrike         |       |     2 ||     2
 Stab: Sleeping          |     4 |       ||     4
       Distracted        |       |     2 ||     2
Armor: Robe              |     4 |     1 ||     5
Dodge: Dodged            |    40 |    26 ||    66

Table legend: (Time is in decaauts)
 A = Elapsed time spent in this place.
 B = Non-inter-level travel time spent in this place.
 C = Inter-level travel time spent in this place.
 D = Time resting spent in this place.
 E = Time spent auto-exploring this place.
 F = Levels seen in this place.
 G = Mean time per level.
                   A        B        C        D        E       F      G
               +--------+--------+--------+--------+--------+-----+--------+
         Total |   4296 |   4217 |     79 |   1059 |   2410 |   6 |  716.0 |
       Dungeon |   4122 |   4043 |     79 |   1059 |   2259 |   5 |  824.4 |
        Temple |    174 |    174 |      0 |      0 |    150 |   1 |  174.0 |
               +--------+--------+--------+--------+--------+-----+--------+

Top non-repeatable levels by time:
     D:1: 1156 daAuts
     D:2: 1040 daAuts
     D:4: 1030 daAuts
     D:3: 766 daAuts
  Temple: 174 daAuts
     D:5: 128 daAuts
